Map: Acid Plant LE

Players

Gemini

  • Race: Protoss Protoss
  • League: Grandmaster
  • Spawn Location: 11:00

BlackPink - Winner!

  • Race: Protoss Protoss
  • Spawn Location: 5:00

VOD

Have the link to the VOD?

Description

Time

  • Played on: June 10, 2018, 10:53 p.m.
  • Length: 4:34
Show
View Real Time Build Order
Export as new Build Order

Gemini Protoss 

Build Orders:  

Get SALT Encoding   

  12  0:00  Probe  
  13  0:13  Probe  
  14  0:18  Pylon  
  14  0:25  Probe  
  15  0:34  Probe  
  15  0:37  Gateway  
  15  0:42  Probe  
  16  0:47  Assimilator  
  17  0:52  Probe  
  17  0:55  Assimilator  
  18  1:04  Probe  
  19  1:12  Gateway  
  19  1:17  Probe  
  20  1:24  Cybernetics Core  
  20  1:29  Probe  
  21  1:34  Pylon  
  21  1:42  Probe  
  22  1:52  Warp Gate  
  22  1:54  Probe  
  23  2:01  Stalker x2  
  27  2:09  Probe  
  27  2:13  Pylon  
  28  2:23  Pylon  
  28  2:40  Robotics Facility  
  28  2:47  Stalker  
  28  2:49  Stalker  
  32  3:04  Gateway  
  32  3:18  Warp Prism  
  32  3:19  Stalker x2  
  36  3:33  Pylon  
  38  3:41  Shield Battery  
  36  4:08  Stalker x3  
  38  4:13  Pylon  
  26  4:32  Stalker x2  
Show
View Real Time Build Order
Export as new Build Order

BlackPink Protoss - Winner!

Build Orders:  

Get SALT Encoding   

  12  0:01  Probe  
  13  0:13  Probe  
  14  0:17  Pylon  
  14  0:23  Probe  
  15  0:31  Probe  
  15  0:37  Gateway  
  15  0:40  Probe  
  16  0:46  Assimilator  
  17  0:51  Probe  
  17  0:54  Assimilator  
  18  1:03  Probe  
  19  1:07  Gateway  
  19  1:15  Probe  
  20  1:24  Cybernetics Core  
  20  1:27  Probe  
  21  1:33  Warp Gate  
  21  1:38  Pylon  
  21  1:39  Probe  
  22  1:52  Probe  
  23  2:01  Stalker x2  
  23  2:05  Probe  
  28  2:12  Pylon  
  28  2:25  Pylon  
  28  2:31  Stalker x2  
  32  2:45  Gateway  
  32  2:46  Gateway  
  32  3:05  Stalker  
  34  3:06  Stalker  
  34  3:10  Pylon  
  36  3:17  Shield Battery  
  36  3:44  Stalker x3  
  36  3:46  Stalker  
  44  3:57  Pylon  
  42  4:12  Robotics Facility  
  42  4:20  Stalker x2  
  42  4:29  Stalker  
Tags
 
Matchup
PvP
Spawn Locations
Cross Positions
Add a new tag
Caveats
  • Supply blocks, unpowered buildings, or Contaminate may cause inaccurate times.
  • Supply counts are checked every 10 seconds.